 Dungeon Crawl Stone Soup version 0.30-a0-949-g53dc5368d7 (webtiles) character file.

Game seed: 4600901080351700162

86 bmack86 the Covered (level 4, 0/40 HPs)
             Began as a Minotaur Fighter on Mar 28, 2023.
             Slain by an iguana (5 damage)
             ... on level 5 of the Dungeon.
             The game lasted 00:04:33 (1766 turns).

bmack86 the Covered (Minotaur Fighter)              Turns: 1766, Time: 00:04:33

Health: 0/40       AC:  9    Str: 22    XL:     4   Next: 26%
Magic:  3/3        EV:  9    Int:  5    God:
Gold:   122        SH:  4    Dex: 10    Spells: 3/3 levels left

rFire   . . .      SeeInvis +    a - +1 war axe
rCold   . . .      Faith    .    c - +0 buckler
rNeg    . . .      Spirit   .    b - +0 scale mail
rPois   .          Reflect  .    (helmet restricted)
rElec   .          Rampage  .    m - +1 cloak
rCorr   .                        (no gloves)
Will    .....                    (no boots) Stlth
                                 (no amulet)
HPRegen 0.26/turn                g - ring of see invisible
MPRegen 0.08/turn                (no ring)

@: no status effects
A: horns 2, retaliatory headbutt
a: no special abilities


You were on level 5 of the Dungeon.
You visited 1 branch of the dungeon, and saw 4 of its levels.

You collected 122 gold pieces.

Inventory:

Hand Weapons
 a - a +1 war axe (weapon)
Missiles
 k - 4 poisoned darts
 n - 3 boomerangs (quivered)
Armour
 b - a +0 scale mail (worn)
 c - a +0 buckler (worn)
 m - a +1 cloak (worn)
Jewellery
 f - a ring of fire
 g - a ring of see invisible (left hand)
Potions
 d - a potion of might
 e - a potion of berserk rage {unknown}
 h - a potion of mutation
 p - a potion of heal wounds


   Skills:
 + Level 4.1 Fighting
 * Level 3.7 Axes
 + Level 1.0 Throwing
 + Level 4.3 Armour
 + Level 4.2 Shields


You had 3 spell levels left.
You didn't know any spells.
Your spell library contained the following spells:

 Spells                   Type           Power      Damage    Failure   Level
 Magic Dart               Conj           0%         1d3       87%         1
 Call Imp                 Summ           0%         N/A       95%         2
 Cigotuvi's Dreadful Rot  Necr/Pois/Air  0%         N/A       95%         2
 Mephitic Cloud           Conj/Pois/Air  0%         N/A       99%         3
 Portal Projectile        Hex/Tloc       0%         N/A       99%         3
 Tukima's Dance           Hex            0%         N/A       99%         3
 Dispel Undead            Necr           0%         3d6       100%        4
 Blade Hands              Tmut           0%         N/A       100%        5
 Death Channel            Necr           0%         N/A       100%        6


Dungeon Overview and Level Annotations

Branches:
Dungeon (3/15)

Altars:
Yredelemnul


Innate Abilities, Weirdness & Mutations

You have a pair of horns on your head.
You reflexively headbutt those who attack you in melee.


Message History

Found 8 stones.
An iguana comes into view.
The iguana hisses angrily.
The iguana hisses menacingly.
Found a scroll labelled YHUIVA ZIRUPI.
The iguana bites you!
A centaur comes into view.
You closely miss the iguana.
The centaur shouts!
The iguana bites you.
You barely miss the iguana. You headbutt the iguana!
The iguana is heavily wounded.
The centaur wields a +0 shortbow.
The centaur shoots an arrow.
The arrow barely misses you.
The centaur shoots an arrow.
The arrow hits you!
An iguana comes into view.
The iguana bites you but does no damage.
You closely miss the iguana.
The iguana is heavily wounded.
The iguana hisses angrily.
The centaur shoots an arrow.
The arrow barely misses you. The iguana barely misses you.
You furiously retaliate!
You headbutt the iguana.
The centaur shoots an arrow.
The arrow hits you.
A jelly comes into view.
You block the iguana's attack.
You barely miss the iguana.
The iguana is severely wounded.
The centaur shoots an arrow.
The arrow hits you.
The centaur shoots an arrow.
The arrow barely misses you. The iguana bites you!
* * * LOW HITPOINT WARNING * * *
You barely miss the iguana.
The iguana is severely wounded.
The centaur shoots an arrow.
The arrow hits you but does no damage. The iguana bites you.
* * * LOW HITPOINT WARNING * * *
You closely miss the iguana. Your headbutt misses the iguana.
The iguana is severely wounded.
The iguana closely misses you. The iguana barely misses you.
You hit the iguana.
You kill the iguana!
You hit the iguana. The iguana bites you.
You die...

#. .#.# #.#####
#.#.#
#+#............
........#......
.........J.....
........#.....?
.......(lc.####
.......@.......
...........####
#######....#
#....# #....#
#....# #....#
#....# #....#


You could see a centaur, an iguana and a jelly.

Vanquished Creatures
  An iguana (D:5)
  3 adders (D:2)
  2 dart slugs
  4 ball pythons
  5 endoplasms
  A giant cockroach (D:2)
  4 goblins
  4 hobgoblins
  10 jackals
  A quokka (D:2)
  4 bats
  2 frilled lizards (D:2)
  6 kobolds
  A rat (D:2)
48 creatures vanquished.

Notes
Turn   | Place    | Note
-------+----------+-------------------------------------------
     0 | D:1      | bmack86 the Minotaur Fighter began the quest for the Orb.
     0 | D:1      | Reached XP level 1. HP: 19/19 MP: 0/0
   366 | D:1      | Reached XP level 2. HP: 27/27 MP: 1/1
   893 | D:2      | Reached XP level 3. HP: 26/33 MP: 2/2
  1544 | D:2      | Reached XP level 4. HP: 37/40 MP: 3/3
  1662 | D:3      | Found a basalt altar of Yredelemnul.
  1699 | D:3      | Reached skill level 1 in Throwing
  1751 | D:3      | You fall into a shaft and drop 2 floors!
  1751 | D:5      | Entered Level 5 of the Dungeon
  1759 | D:5      | Noticed a centaur
  1766 | D:5      | Slain by an iguana

Illustrated notes

Levels and vault maps discovered:
D:1:      evilmike_arrival_plus, layout_basic
D:2:      layout_basic, minmay_mini_jars
D:3:      mumra_celtic_spiral_tile, layout_loops_ring,
          yredelemnul_altar_generic, ebering_ecumenical_altar_webs,
          portal_sewer_entry_d
D:5:      layout_basic, kennysheep_generic_room_3

Skill      XL: |  1  2  3  4 |
---------------+-------------+-----
Axes           | 3 |  3.7
Armour         | 4 |  4.3
Shields        | 4 |  4.2
Fighting       | 4 |  4.1
Throwing       | 1 |  1.0

Action                     |  1- 3 |  4- 6 || total
---------------------------+-------+-------++-------
  Melee: War axe           |    60 |    15 ||    75
         Headbutt          |     2 |     2 ||     4
  Throw: Boomerang         |     2 |       ||     2
    Use: Scroll            |     1 |     6 ||     7
 Armour: Scale mail        |    33 |     5 ||    38
  Dodge: Dodged            |    38 |    10 ||    48
  Block: Buckler           |    21 |     5 ||    26

Table legend: (Time is in decaauts)
 A = Elapsed time spent in this place.
 B = Non-inter-level travel time spent in this place.
 C = Inter-level travel time spent in this place.
 D = Time resting spent in this place.
 E = Time spent auto-exploring this place.
 F = Levels seen in this place.
 G = Mean time per level.
                   A        B        C        D        E       F      G
               +--------+--------+--------+--------+--------+-----+--------+
         Total |   1793 |   1744 |     49 |      0 |   1300 |   4 |  448.2 |
       Dungeon |   1793 |   1744 |     49 |      0 |   1300 |   4 |  448.2 |
               +--------+--------+--------+--------+--------+-----+--------+

Top non-repeatable levels by time:
     D:2: 950 daAuts
     D:1: 736 daAuts
     D:3: 89 daAuts
     D:5: 17 daAuts
